 Dungeon Crawl Stone Soup version 0.25-a0-1024-gbfbf38f2cb (webtiles) character file.

Game seed: 14759685418811776098, levelgen mode: deterministic

15 Esekla the Skirmisher (level 2, 0/37 HPs)
             Began as a Formicid Abyssal Knight on May 12, 2020.
             Was a Follower of Lugonu.
             Slain by a worker ant (5 damage)
             ... on level 5 of the Dungeon.
             The game lasted 00:06:16 (788 turns).

Esekla the Skirmisher (Formicid Abyssal Knight)      Turns: 788, Time: 00:06:18

Health: 0/37       AC: 21    Str: 16    XL:     2   Next: 65%
Magic:  3/3        EV:  2    Int: 11    God:    Lugonu [*.....]
Gold:   63         SH:  0    Dex: 10    Spells: 1/1 levels left

rFire    . . .     SeeInvis .   a - +1 falchion
rCold    . . .     Gourm    +   (no shield)
rNeg     + + +     Faith    .   (armour currently unavailable)
rPois    +         Spirit   .   (helmet unavailable)
rElec    .         Reflect  .   (cloak currently unavailable)
rCorr    .         Harm     .   (gloves currently unavailable)
MR       .....                  (boots currently unavailable)
Stlth    +.........             h - amulet of the gourmand
HPRegen  0.12/turn              (no ring)
MPRegen  0.08/turn              (no ring)

@: lethally poisoned (0 -> -5), tree-form
A: permanent stasis, dig shafts and tunnels, four strong arms
a: Depart the Abyss, Renounce Religion


You were on level 5 of the Dungeon.
You worshipped Lugonu.
Lugonu was aware of your devotion.
You were not hungry.
You were a tree.
You visited 1 branch of the dungeon, and saw 7 of its levels.
You visited the Abyss 1 time.

You collected 63 gold pieces.

Inventory:

Hand Weapons
 a - a +1 falchion (weapon)
Armour
 b - a +0 leather armour
 j - a +0 chain mail (melded)
Jewellery
 h - an amulet of the gourmand (around neck)
Scrolls
 e - a scroll of teleportation {unknown}
 i - a scroll of identify {unknown}
 k - a scroll of noise {unknown}
Comestibles
 c - 2 rations


   Skills:
 * Level 4.0 Fighting
 * Level 2.2 Long Blades
 + Level 2.2 Armour
 + Level 0.8 Dodging
 + Level 2.2 Invocations


You had one spell level left.
You didn't know any spells.
Your spell library was empty.

Dungeon Overview and Level Annotations

Branches:
Dungeon (7/15)
 Temple: D:4-7

Altars:
Vehumet


Innate Abilities, Weirdness & Mutations

You cannot be hasted, slowed, berserked, paralysed or teleported.
You can dig through walls and to a lower floor.
Your four strong arms can wield two-handed weapons with a shield.
((You have a pair of large antennae on your head. (SInv)))


Message History

It was a potion of lignification.
You turn into a tree.
Your +0 chain mail melds into your body.
Your roots penetrate the ground.
You feel sick. The bullfrog hits you.
The worker ant bites you but does no damage.
The bullfrog hits you. The jelly hits you but does no damage.
You hit the jelly.
Your branches burn!
The jelly is moderately wounded.
You feel sick. The bullfrog hits you.
* * * LOW HITPOINT WARNING * * *
The worker ant barely misses you. The jelly hits you but does no damage.
The bullfrog hits you but does no damage.
The worker ant bites you but does no damage.
You hit the jelly.
Your branches burn!
* * * LOW HITPOINT WARNING * * *
The jelly is heavily wounded.
* * * LOW HITPOINT WARNING * * *
You feel sick.
The bullfrog hits you but does no damage.
The jelly hits you but does no damage. The worker ant bites you.
You die...

......... .....
.... ...# ## ..##
(.# ...##.... #
#........ ..
#####F.......
#.####..#a♣...#
#...>....##J...#
#.##....J.$.....#
##.............
##...........#
#.>........##
#..........#
#...........
#..........


You could see a bullfrog, a jelly and a worker ant.

Vanquished Creatures
  An adder (D:4)
  A hobgoblin (D:2)
  A quokka (D:5)
  A ball python (D:4)
  2 goblins
  A kobold (D:3)
7 creatures vanquished.

Notes
Turn   | Place    | Note
-------+----------+-------------------------------------------
     0 | Abyss:1  | Esekla the Formicid Abyssal Knight began the quest for the
                  | Orb.
     0 | Abyss:1  | Reached XP level 1. HP: 18/18 MP: 2/2
   114 | Abyss:2  | Noticed a green death
   116 | Abyss:2  | Noticed an efreet
   122 | D:1      | Escaped the Abyss
   242 | D:2      | Found a radiant altar of Vehumet.
   245 | D:2      | Noticed an ice beast
   256 | D:2      | You fall into a shaft and drop 2 floors!
   496 | D:4      | Noticed an orc wizard
   496 | D:4      | Noticed a scorpion
   502 | D:4      | Reached * piety under Lugonu
   502 | D:4      | Reached skill level 4 in Fighting
   502 | D:4      | Reached XP level 2. HP: 14/25 MP: 3/3
   517 | D:4      | You fall into a shaft and drop 3 floors!
   744 | D:5      | Entered Level 5 of the Dungeon
   744 | D:5      | Noticed a bullfrog
   788 | D:5      | Slain by a worker ant

Illustrated notes

Levels and vault maps discovered:
D:1:      scummos_arrival_forest, layout_rooms
D:2:      cheibrodos_fertilizer, layout_basic, vehumet_crystals,
          nicolae_overflow_crystal_walls, first_ration
D:3:      layout_rooms, kennysheep_slug_shrine, gup_sewer_entry_bubbles
D:4:      kennysheep_big_flooded_room, layout_basic, overflow_temple_1_default,
          minmay_stone_trees_small, st_stairs_9, interstate_on_off,
          minmay_circle_x
D:5:      layout_cave_pools, lemuel_round_altar
D:6:      layout_cave_pools, overflow_temple_1_default,
          chequers_ossuary_entry_cave, minmay_manual_mess
D:7:      layout_gridville, minmay_temple_entry_wispy

Skill      XL: |  1 |
---------------+----+-----
Fighting       | 4 |  4.0
Long Blades    | |  2.2
Armour         | |  2.2
Dodging        | |  0.8
Invocations    | |  2.2

Action                   || total
-------------------------++-------
Melee: Falchion          ||    17
Invok: Depart the Abyss  ||     1
 Abil: Shaft Self        ||     2
  Use: Potion            ||     3
Armor: Chain mail        ||    20
       Leather armour    ||     2
       Skin              ||     7
Dodge: Dodged            ||    25
       Rpst.: Falchion   ||    11

Table legend:
 A = Non-vault XP
 B = Vault XP
 C = Vault XP percentage of total XP
 D = Non-vault monster count
 E = Vault monster count
 F = Vault count percentage of total count
                 A         B        C        D         E       F
            +---------+---------+-------+---------+---------+-------
      Total |       8 |      14 |  63.6 |       5 |       2 |  28.6
            +---------+---------+-------+---------+---------+-------
        D:1 |       1 |       0 |   0.0 |       1 |       0 |   0.0
        D:2 |       2 |       0 |   0.0 |       1 |       0 |   0.0
        D:3 |       1 |       0 |   0.0 |       1 |       0 |   0.0
        D:4 |       2 |      14 |  87.5 |       1 |       2 |  66.7
        D:5 |       2 |       0 |   0.0 |       1 |       0 |   0.0
            +---------+---------+-------+---------+---------+-------
